 Dungeon Crawl Stone Soup version 0.28-a0-224-g76b539d98b (webtiles) character file.

Game seed: 90736010894816784

254 Spaninq the Slasher (level 5, -2/41 HPs)
             Began as a Demonspawn Warper on Aug 21, 2021.
             Was an Initiate of Hepliaklqana.
             Succumbed to a killer bee's poison
             ... on level 4 of the Dungeon.
             The game lasted 00:07:48 (3461 turns).

Spaninq the Slasher (Demonspawn Warper)             Turns: 3461, Time: 00:07:49

Health: -2/41      AC:  6    Str: 13    XL:     5   Next: 90%
Magic:  8/8        EV: 10    Int: 14    God:    Hepliaklqana [......]
Gold:   127        SH:  0    Dex: 12    Spells: 5/8 levels left

rFire   . . .      SeeInvis .   a - +0 falchion
rCold   . . .      Faith    .   (no shield)
rNeg    . . .      Spirit   .   k - +1 ring mail
rPois   .          Reflect  .   (no helmet)
rElec   .          Harm     .   (no cloak)
rCorr   .          Rampage  .   (no gloves)
Will    .....                   (no boots)
Stlth   +.........              (no amulet)
HPRegen 0.13/turn               (no ring)
MPRegen 0.11/turn               (no ring)

@: lethally poisoned (-2 -> -14)
A: demonic guardian 2, demonic magic 1
a: Renounce Religion


You were on level 4 of the Dungeon.
You worshipped Hepliaklqana.
Hepliaklqana was noncommittal.
You visited 1 branch of the dungeon, and saw 4 of its levels.

You collected 127 gold pieces.

Inventory:

Hand Weapons
 a - a +0 falchion (weapon)
Missiles
 d - 5 boomerangs of dispersal (quivered)
 l - 8 boomerangs
 o - 55 stones
Armour
 g - a +0 kite shield
 k - a +1 ring mail (worn)
Wands
 p - a wand of charming (10)
Scrolls
 c - a scroll of blinking
 f - a scroll of silence
 i - a scroll of enchant armour
Potions
 b - a potion of mutation {unknown}
 e - a potion of degeneration {unknown}
 h - 2 potions of haste
 j - a potion of heal wounds {unknown}
 m - a potion of flight {unknown}
 n - a potion of curing


   Skills:
 + Level 3.4 Fighting
 * Level 4.2 Long Blades
 - Level 0.8 Throwing
 + Level 2.6 Armour
 - Level 1.7 Dodging
 - Level 2.0 Spellcasting
 - Level 2.6 Translocations
 * Level 0.1 Earth Magic


You had 5 spell levels left.
You knew the following spells:

 Your Spells              Type           Power      Damage    Failure   Level
a - Blink                 Tloc           N/A        N/A       24%         2
b - Sandblast             Erth           2%         2d4       43%         1

Your spell library contained the following spells:

 Spells                   Type           Power      Damage    Failure   Level
 Animate Skeleton         Necr           2%         N/A       43%         1
 Pain                     Necr           4%         1d4       43%         1
 Gell's Gravitas          Tloc           4%         N/A       43%         3
 Lesser Beckoning         Tloc           4%         N/A       43%         3
 Teleport Other           Tloc           8%         N/A       43%         3
 Ensorcelled Hibernation  Hex/Ice        2%         N/A       58%         2
 Passwall                 Tmut/Erth      0%         N/A       58%         2
 Spider Form              Tmut/Pois      0%         N/A       82%         3
 Vampiric Draining        Necr           0%         2d6       82%         3
 Manifold Assault         Tloc           8%         N/A       99%         5
 Lee's Rapid Deconstruct  Erth           0%         3d5*      100%        5
 Shadow Creatures         Summ           N/A        N/A       100%        6


Dungeon Overview and Level Annotations

Branches:
Dungeon (4/15)
 Temple: D:4-7

Altars:
Hepliaklqana
Zin

Shops:
D:2 =


Innate Abilities, Weirdness & Mutations

A demonic guardian rushes to your aid.
Spells you cast may paralyse adjacent enemies.


Message History

There is a stone staircase leading up here.
The orc barely misses you.
You hit the orc.
The orc is moderately wounded.
The orc hits you but does no damage.
You hit the orc.
You kill the orc!
You barely miss the killer bee. The killer bee barely misses you.
The killer bee stings you.
You hit the killer bee.
The killer bee is lightly wounded.
The killer bee closely misses you. x2
You closely miss the killer bee.
The killer bee is lightly wounded.
The killer bee closely misses you. The killer bee stings you.
You miss the killer bee.
The killer bee is lightly wounded.
The killer bee barely misses you. The killer bee closely misses you.
You miss the killer bee.
The killer bee is lightly wounded.
The killer bee stings you!
* * * LOW HITPOINT WARNING * * *
You are poisoned.
The killer bee poisons you! The killer bee misses you.
A killer bee comes into view.
You miss the killer bee.
The killer bee is lightly wounded.
* * * LOW HITPOINT WARNING * * *
You feel sick. The killer bee completely misses you.
You riposte.
You miss the killer bee.
The killer bee is lightly wounded.
The killer bee barely misses you. The killer bee stings you.
* * * LOW HITPOINT WARNING * * *
A demonic guardian appears!
You are more poisoned.
The killer bee poisons you!
Unknown command.
You barely miss the killer bee.
The killer bee is lightly wounded.
You die...

#..o.## #
##ยง###.##.# #.##
##.#.# #######.#
#...# .>....o.##
##.###
########y###.##
#.oy.## #o#y## #.#
#.#@# #.# #.#<#
###.# #.#4# #...#
#.#.# ###...###
#.#.# #.......#
#.#.#
#.......######.#(.
#.......oo.o...###
###)..##########


You could see 3 killer bees, an orc and a friendly rust devil (summoned).

Vanquished Creatures
  A hound (D:2)
  Jessica (D:3)
  5 adders
  A dart slug (D:1)
  An orc (D:4)
  7 ball pythons
  4 bats
  3 endoplasms
  2 giant cockroaches (D:2)
  2 goblins (D:1)
  6 hobgoblins
  4 jackals
  2 kobolds (D:2)
  4 quokkas
  4 frilled lizards
  5 rats
52 creatures vanquished.

Vanquished Creatures (collateral kills)
  Sigmund (D:3)
  4 gnolls (D:2)
  A bat (D:1)
  A giant cockroach (D:2)
  3 jackals
10 creatures vanquished.

Grand Total: 62 creatures vanquished

Notes
Turn   | Place    | Note
-------+----------+-------------------------------------------
     0 | D:1      | Spaninq the Demonspawn Warper began the quest for the Orb.
     0 | D:1      | Reached XP level 1. HP: 16/16 MP: 3/3
   260 | D:1      | Reached skill level 1 in Armour
   299 | D:1      | Reached skill level 2 in Long Blades
   528 | D:1      | Gained mutation: A weak demonic guardian rushes to your
                  | aid. [demonic ancestry]
   528 | D:1      | Reached XP level 2. HP: 21/22 MP: 5/5
  1252 | D:2      | Gained mutation: A demonic guardian rushes to your aid.
                  | [demonic ancestry]
  1252 | D:2      | Reached XP level 3. HP: 16/28 MP: 6/6
  1538 | D:2      | Reached skill level 3 in Long Blades
  1679 | D:2      | Gained mutation: Spells you cast may paralyse adjacent
                  | enemies. [demonic ancestry]
  1679 | D:2      | Reached XP level 4. HP: 31/34 MP: 7/7
  1840 | D:2      | You fall into a shaft and drop 1 floor!
  2079 | D:2      | Learned a level 2 spell: Blink
  2079 | D:2      | Found a faded altar of an unknown god.
  2251 | D:2      | Found Eghi's Jewellery Boutique.
  2748 | D:3      | Noticed Sigmund
  2763 | D:3      | Killed Sigmund
  2764 | D:3      | Reached skill level 4 in Long Blades
  2764 | D:3      | Reached XP level 5. HP: 32/41 MP: 8/8
  2887 | D:3      | Found a hazy altar of Hepliaklqana.
  2904 | D:3      | Became a worshipper of Hepliaklqana the Forgotten
  2911 | D:3      | Noticed Jessica
  2916 | D:3      | Killed Jessica
  3091 | D:3      | Learned a level 1 spell: Sandblast
  3460 | D:4      | HP: 1/41 [killer bee (6)]
  3461 | D:4      | Succumbed to a killer bee's poison

Illustrated notes

Levels and vault maps discovered:
D:1:      lemuel_arrival_muddy, layout_basic
D:2:      minmay_inner_zag, layout_basic, serial_shops, nicolae_lakefront_shop,
          hellmonk_ecumenical_altar_lost_god
D:3:      layout_rooms, mainiacjoe_overflow_big_doors, dk_noncrumbling_2,
          minmay_misc_feat_diagonals, hangedman_abyss_or_decor_lesser_grid,
          minmay_ruptured, uniq_jessica, uniq_sigmund
D:4:      layout_loops_ring, cheibrodos_sewer_entry_drain

Skill      XL: |  1  2  3  4 |
---------------+-------------+-----
Armour         | 1 2 |  2.6
Long Blades    | 2 3 4 |  4.2
Fighting       | 3 |  3.4
Throwing       | |  0.8
Dodging        | |  1.7
Spellcasting   | |  2.0
Translocations | |  2.6
Earth Magic    | |  0.1

Action                   |  1- 3 |  4- 6 || total
-------------------------+-------+-------++-------
Melee: Falchion          |    76 |    93 ||   169
  Use: Scroll            |       |     5 ||     5
 Stab: Sleeping          |     1 |       ||     1
Armor: Leather armour    |    15 |       ||    15
       Ring mail         |    14 |    41 ||    55
Dodge: Dodged            |    47 |    70 ||   117
       Rpst.: Falchion   |    14 |    17 ||    31

Table legend: (Time is in decaauts)
 A = Elapsed time spent in this place.
 B = Non-inter-level travel time spent in this place.
 C = Inter-level travel time spent in this place.
 D = Time resting spent in this place.
 E = Time spent auto-exploring this place.
 F = Levels seen in this place.
 G = Mean time per level.
                   A        B        C        D        E       F      G
               +--------+--------+--------+--------+--------+-----+--------+
         Total |   3492 |   3386 |    106 |    183 |   2421 |   4 |  873.0 |
       Dungeon |   3492 |   3386 |    106 |    183 |   2421 |   4 |  873.0 |
               +--------+--------+--------+--------+--------+-----+--------+

Top non-repeatable levels by time:
     D:2: 1706 daAuts
     D:1: 1017 daAuts
     D:3: 627 daAuts
     D:4: 141 daAuts
